 Dungeon Crawl Stone Soup version 0.30-a0-585-g93115170b9 (webtiles) character file.

Game seed: 16673339753543571534

37736 spardeous the Nimble (level 13, -9/68 HPs)
             Began as a Felid Earth Elementalist on Jan 2, 2023.
             Was an Initiate of Gozag.
             Mangled by a sun demon (17 damage)
             ... led by a balrug
             ... on level 5 of the Lair of Beasts.
             The game lasted 01:22:55 (39587 turns).

spardeous the Nimble (Felid Earth Elementalist)    Turns: 39587, Time: 01:22:55

Health: -9/68      AC:  5    Str:  7    XL:     13   Next: 60%
Magic:  12/30      EV: 33    Int: 26    God:    Gozag
Gold:   1344       SH:  0    Dex: 24    Spells: 22/36 levels left
                                        Lives:  0   Deaths: 4

rFire   + . .      SeeInvis +      - Unarmed
rCold   + + .      Faith    .    (shield unavailable)
rNeg    . . .      Spirit   .    (body armour unavailable)
rPois   .          Reflect  .    (helmet unavailable)
rElec   .          Harm     .    (cloak unavailable)
rCorr   .          Rampage  .    (gloves unavailable)
Will    +....                    (boots unavailable)
Stlth   ++++                     (no amulet)
HPRegen 0.31/turn                L - ring "Ceubruat" {rF+ rC+ Str+3 Dex+4}
MPRegen 0.22/turn                q - +6 ring of intelligence

@: quick
A: very small, claws 1, fangs 3, see invisible, speed 1, shaggy fur 3, stealthy
paws, no weapons or thrown items, no armour, multi-lived, iridescent scales 1,
thin skeletal structure 1
a: Renounce Religion, Potion Petition, Call Merchant, Bribe Branch


You were on level 5 of the Lair of Beasts.
You worshipped Gozag.
Gozag was most pleased with you.
You visited 4 branches of the dungeon, and saw 22 of its levels.
You also visited: Sewer, Bailey and Volcano.

You collected 6892 gold pieces.
You spent 1958 gold pieces at shops.
You paid 3590 gold pieces to Gozag.

Inventory:

Jewellery
 m - a ring of protection from cold
 q - a +6 ring of intelligence (right paw)
 s - a ring of positive energy
 u - a ring of fire
 D - a ring of protection from cold
 K - a ring of ice
 L - the ring "Ceubruat" (left paw) {rF+ rC+ Str+3 Dex+4}
   (You acquired it on level 5 of the Lair of Beasts)

   [ring of protection from fire]

   Str:       It affects your strength (+3).
   Dex:       It affects your dexterity (+4).
   rF:        It protects you from fire.
   rC:        It protects you from cold.
 M - a ring of fire
 P - a ring of magical power
 Q - a +6 ring of dexterity
 S - a +6 ring of strength
 T - the ring "Heir" {rPois rF+ Will+ Str-3}
   (You found it on level 13 of the Dungeon)

   [ring of poison resistance]

   Str:       It affects your strength (-3).
   rF:        It protects you from fire.
   rPois:     It protects you from poison.
   Will:      It increases your willpower.
Wands
 v - a wand of roots (17)
 C - a wand of paralysis (12)
 H - a wand of acid (31)
 O - a wand of flame (21)
Scrolls
 d - 5 scrolls of enchant weapon
 f - 8 scrolls of teleportation
 g - 3 scrolls of fear
 h - 3 scrolls of summoning
 o - 3 scrolls of blinking
 p - 3 scrolls of poison
 r - a scroll of torment
 y - 4 scrolls of fog
 z - 5 scrolls of magic mapping
 A - a scroll of enchant armour
 B - 2 scrolls of immolation
 G - a scroll of amnesia
 I - 2 scrolls of silence
 N - 2 scrolls of vulnerability
 W - a scroll of noise
Potions
 a - 4 potions of magic
 b - 3 potions of flight
 c - 2 potions of heal wounds
 e - 2 potions of lignification
 i - 10 potions of curing
 j - 8 potions of brilliance
 k - a potion of invisibility
 l - 5 potions of degeneration
 n - 9 potions of haste
 t - 8 potions of cancellation
 w - 3 potions of attraction
 x - 3 potions of might
 E - a potion of mutation
 F - 2 potions of resistance
 J - 4 potions of berserk rage
Miscellaneous
 R - a phantom mirror


   Skills:
 - Level 14.4 Fighting
 + Level 14.8 Dodging
 - Level 2.6 Stealth
 - Level 7.0 Unarmed Combat
 - Level 12.0 Spellcasting
 - Level 10.3 Conjurations
 - Level 10.1 Transmutations
 - Level 10.0 Earth Magic


You had 22 spell levels left.
You knew the following spells:

 Your Spells              Type           Power      Damage    Failure   Level
a - Sandblast             Erth           100%       2d20      1%          1
b - Stone Arrow           Conj/Erth      100%       3d13      1%          3
c - Petrify               Tmut/Erth      61%        N/A       1%          4
d - Iron Shot             Conj/Erth      31%        9d6       9%          6

Your spell library contained the following spells:

 Spells                   Type           Power      Damage    Failure   Level
 Foxfire                  Conj/Fire      100%       2x1d9     1%          1
 Magic Dart               Conj           100%       1d8       1%          1
 Passwall                 Tmut/Erth      50%        N/A       1%          2
 Searing Ray              Conj           100%       2d8       1%          2
 Dazzling Flash           Conj/Hex       84%        N/A       1%          3
 Iskenderun's Battlesphe  Conj           62%        2d11      1%          5
 Necrotise                Necr           60%        1d7       3%          1
 Flame Wave               Conj/Fire      42%        2d11      4%          4
 Fulminant Prism          Conj/Hex       21%        3d12      4%          4
 Iskenderun's Mystic Bla  Conj/Tloc      42%        2d10      4%          4
 Sticky Flame             Conj/Fire      42%        2d6       4%          4
 Inner Flame              Hex/Fire       15%        N/A       11%         3
 Vampiric Draining        Necr           15%        2d7       11%         3
 Fireball                 Conj/Fire      21%        3d10      13%         5
 Olgreb's Toxic Radiance  Pois           15%        N/A       36%         4
 Passage of Golubria      Tloc           15%        N/A       36%         4
 Summon Ice Beast         Ice/Summ       15%        N/A       36%         4
 Orb of Destruction       Conj           31%        9d10      43%         7
 Conjure Ball Lightning   Conj/Air       21%        3x3d6     56%         6
 Starburst                Conj/Fire      21%        6d7       56%         6
 Agony                    Necr           15%        N/A       71%         5
 Silence                  Hex/Air        7%         N/A       71%         5
 Summon Mana Viper        Hex/Summ       15%        N/A       71%         5
 Spellforged Servitor     Conj/Summ      21%        N/A       98%         7
 Lehudib's Crystal Spear  Conj/Erth      31%        10d8      98%         8
 Monstrous Menagerie      Summ           7%         N/A       100%        7
 Ozocubu's Refrigeration  Ice            7%         4d9       100%        7
 Ignition                 Fire           7%         3d5       100%        8


Dungeon Overview and Level Annotations

Branches:
Dungeon (14/15)            Temple (0/1) D:6            Lair (5/5) D:9
  Swamp (0/4) Lair:2       Spider (0/4) Lair:3        Slime (0/5) Lair:4
    Orc (2/2) D:10            Elf (0/3) Orc:2        Vaults (0/5) D:14
   Hell (visited)           Sewer (visited)          Bailey (visited)
Volcano (visited)
    Dis: Hell:1         Geh: Hell:1         Coc: Hell:1         Tar: Hell:1

Altars:
Cheibriados
Elyvilon
Gozag
Kikubaaqudgha
Makhleb
Nemelex Xobeh
Uskayaw
Vehumet
Yredelemnul
The Shining One
Jiyva

Shops:
D:2 (*   D:4 (   D:6 (   D:11 (   Orc:2 [**(*   Lair:1 :=::

Portals:
Hell: Lair:5

Annotations:
Hell Geryon


Innate Abilities, Weirdness & Mutations

You have sharp claws.
You have razor-sharp teeth.
You have supernaturally acute eyesight. (SInv)
You cover ground quickly. (Speed+)
Your thick and shaggy fur keeps you warm. (AC +3, rC+)
Your paws help you pounce on unaware monsters.
You are incapable of wielding weapons or throwing items.
You cannot wear armour.
You gain extra lives every three experience levels.
You are partially covered in iridescent scales. (AC +2)
You have a somewhat thin skeletal structure. (Dex +2, Stealth+)


Message History

Press: ? - help, Shift-Dir - straight line, f/p - sun demon
Aim: a sun demon (lightly wounded, 72% to hit)
The stone arrow hits the sun demon.
The sun demon is lightly wounded.
The sun demon misses you. The sun demon closely misses you.
Casting: Stone Arrow (safe; 1% risk of failure)
Confirm with . or Enter, or press ? or * to list all spells.
Aiming: Stone Arrow (safe; 1% risk of failure)
Press: ? - help, Shift-Dir - straight line, f/p - sun demon
Aim: a sun demon (lightly wounded, 72% to hit)
The stone arrow hits the sun demon!!
The sun demon is severely wounded.
The sun demon hits you!!
You are engulfed in flames!
You resist.
Casting: Stone Arrow (safe; 1% risk of failure)
Confirm with . or Enter, or press ? or * to list all spells.
Aiming: Stone Arrow (safe; 1% risk of failure)
Press: ? - help, Shift-Dir - straight line, f/p - sun demon
Aim: a sun demon (severely wounded, 72% to hit)
The stone arrow hits the sun demon!
The sun demon is almost dead.
The sun demon closely misses you.
Casting: Stone Arrow (safe; 1% risk of failure)
Confirm with . or Enter, or press ? or * to list all spells.
Aiming: Stone Arrow (safe; 1% risk of failure)
Press: ? - help, Shift-Dir - straight line, f/p - sun demon
Aim: a sun demon (almost dead, 72% to hit)
The stone arrow misses the sun demon.
The sun demon hits you!!
* * * LOW HITPOINT WARNING * * *
You are engulfed in flames!
You resist.
* * * LOW HITPOINT WARNING * * *
Casting: Stone Arrow (safe; 1% risk of failure)
Confirm with . or Enter, or press ? or * to list all spells.
Aiming: Sandblast (safe; 1% risk of failure)
Press: ? - help, Shift-Dir - straight line, f/p - sun demon
Aim: a sun demon (almost dead, 82% to hit)
The blast of sand hits the sun demon but does no damage.
The sun demon is almost dead.
The sun demon closely misses you. The sun demon hits you!
You die...
Your body crumbles into a pile of gold.

################
≈§§≈≈≈§§§≈≈§§≈#
#########≈≈§≈≈≈≈≈≈≈§≈#
.....#.....§≈§≈≈≈§§≈≈#
8.8..#.....§§§.≈§≈§§≈#
.#...'...._....3@§§§≈#
8.#.)#........§.≈§§§≈#
.8...#........§≈≈≈≈≈≈#
#.8..###############§#
.8...(.............# #
.....#...8....8....#
######.............#
######''####### ♣
♣....♣


You could see a sun demon.

Vanquished Creatures
  Gastronok (Lair:3)
  Nessos (Lair:5)
  The ghost of whiskeysaurus the Destroyer, a journeyman DsCj of Cheibriados (D:13)
  Josephine (Lair:3)
  Fannar (D:11)
  3 hydras
  Erolcha (D:11)
  Harold (D:10)
  3 centaur warriors
  A catoblepas (Lair:1)
  A death knight (D:14)
  3 boulder beetles
  7 two-headed ogres
  5 death yaks (Lair:5)
  Urug (D:10)
  A sun demon (Lair:5)
  Sonja (Lair:5)
  A skeletal warrior (D:14)
  A wizard (Lair:5)
  3 orc knights
  A lindwurm (Lair:5)
  A necromancer (D:14)
  3 orc sorcerers
  A deep elf pyromancer (D:12)
  2 cyclopes
  2 ugly things
  A wolf spider (Lair:3)
  Maurice (D:8)
  2 manticores
  11 elephants
  4 black mambas
  A smoke demon (Lair:5)
  4 gargoyles
  A molten gargoyle (Volcano)
  2 orange demons (Lair:5)
  13 cane toads
  An unseen horror (D:10)
  10 komodo dragons
  2 freezing wraiths (D:14)
  An efreet (D:14)
  6 rime drakes
  An ice devil (Lair:5)
  2 red devils (Lair:5)
  5 trolls
  6 meliai
  2 hornets (D:13)
  17 blink frogs
  A polar bear (Lair:5)
  7 dream sheep (Lair:3)
  16 slime creatures
  9 wraiths
  3 spriggans (D:13)
  Eustachio (D:6)
  A vampire (D:10)
  3 wyverns
  A basilisk (shapeshifter) (D:14)
  23 yaks
  A fire elemental (Volcano)
  2 basilisks
  A warg (Orc:1)
  3 vampire mosquitoes (D:11)
  A steam dragon (D:10)
  3 swamp worms (Lair:2)
  4 hell hounds (Lair:5)
  3 acid dragons
  15 water moccasins
  31 orc warriors
  2 black bears
  A sky beast (D:7)
  An ice beast (D:4)
  An ogre (D:4)
  18 wolves
  24 centaurs
  A phantom (D:6)
  2 kobold brigands
  7 bullfrogs
  A gnoll sergeant (D:9)
  4 scorpions
  15 wights
  13 killer bees
  3 howler monkeys
  5 electric eels
  3 hounds
  21 orc priests
  8 jellies
  3 iguanas
  20 orc wizards
  16 gnolls
  6 river rats (Sewer)
  16 adders
  A white imp (D:6)
  An ufetubus (D:6)
  4 worms
  4 dart slugs
  68 orcs
  5 bats
  13 endoplasms
  6 giant cockroaches
  8 goblins
  3 hobgoblins
  8 jackals
  13 kobolds
  2 quokkas (D:1)
  19 ball pythons
  4 frilled lizards
  23 rats
643 creatures vanquished.

Vanquished Creatures (others)
  26 fungi
  42 plants
68 creatures vanquished.

Grand Total: 711 creatures vanquished

Notes
Turn   | Place    | Note
-------+----------+-------------------------------------------
     0 | D:1      | spardeous the Felid Earth Elementalist began the quest for
                  | the Orb.
     0 | D:1      | Reached XP level 1. HP: 7/7 MP: 4/4
   191 | D:1      | Reached XP level 2. HP: 11/11 MP: 3/6
   294 | D:1      | Found a faded altar of an unknown god.
   463 | D:1      | You fall into a shaft and drop 1 floor!
   749 | D:2      | Found Xeusiotu's General Store.
   807 | D:2      | Reached XP level 3. HP: 13/14 MP: 3/7
  1309 | D:2      | Found Rihien's Antique Weapon Shop.
  1339 | D:2      | Reached XP level 4. HP: 18/18 MP: 6/8
  2238 | D:3      | Reached skill level 5 in Earth Magic
  2314 | D:3      | Slain by an orc
  2315 | D:3      | Reached XP level 3. HP: -5/14 MP: 4/7
  2315 | D:3      | Reached XP level 4. HP: 18/18 MP: 8/8
  2920 | D:3      | Found a sparkling altar of Nemelex Xobeh.
  2927 | D:3      | Found an ancient bone altar of Kikubaaqudgha.
  2934 | D:3      | Found a snail-covered altar of Cheibriados.
  2941 | D:3      | Found a basalt altar of Yredelemnul.
  2948 | D:3      | Found a glowing golden altar of the Shining One.
  2955 | D:3      | Found an opulent altar of Gozag.
  2961 | D:3      | Found a burning altar of Makhleb.
  3125 | D:3      | Became a worshipper of Gozag Ym Sagoz the Greedy
  3433 | D:4      | Noticed an ogre
  3480 | D:4      | Killed an ogre
  3481 | D:4      | Reached XP level 5. HP: 21/21 MP: 5/11
  3703 | D:4      | Noticed an ice beast
  3732 | D:4      | Killed an ice beast
  3733 | D:4      | Gained mutation: You are covered in thick fur. (AC +2)
                  | [Felid growth]
  3733 | D:4      | Reached XP level 6. HP: 18/24 MP: 8/13
  3939 | D:4      | Found Bygibrao's Weapon Shoppe.
  4183 | D:4      | Learned a level 3 spell: Stone Arrow
  4188 | D:4      | Learned a level 4 spell: Petrify
  4302 | D:5      | Entered Level 5 of the Dungeon
  4369 | D:5      | Reached skill level 5 in Spellcasting
  4485 | D:5      | Reached XP level 7. HP: 20/27 MP: 3/16
  4863 | D:5      | Found a hide-covered altar of Uskayaw.
  5464 | D:6      | Found a staircase to the Ecumenical Temple.
  5484 | D:6      | Reached skill level 5 in Dodging
  5550 | D:6      | Found a radiant altar of Vehumet.
  5844 | D:6      | Found a glowing drain.
  5868 | Sewer    | Entered a sewer
  6292 | Sewer    | Reached XP level 8. HP: 21/31 MP: 12/18
  6680 | D:6      | Noticed Eustachio
  6720 | D:6      | Killed Eustachio
  6822 | D:6      | Found Xosi's Firing Range.
  6832 | D:6      | Mangled by a wight
  6833 | D:6      | Reached XP level 7. HP: -9/23 MP: 13/17
  6839 | D:6      | Reached skill level 10 in Dodging
  6955 | D:6      | Reached XP level 8. HP: 31/31 MP: 11/18
  7821 | D:8      | Reached skill level 1 in Conjurations
  8319 | D:8      | Reached XP level 9. HP: 34/34 MP: 11/19
  8568 | D:8      | Reached skill level 5 in Conjurations
  9453 | D:9      | Noticed a troll
  9505 | D:9      | Noticed a white ugly thing
  9540 | D:9      | Killed a white ugly thing
  9571 | D:9      | Found a white marble altar of Elyvilon.
  9687 | D:9      | Noticed an elephant
  9794 | D:9      | Noticed a two-headed ogre
  9813 | D:9      | Found a staircase to the Lair.
  9824 | D:9      | Killed a two-headed ogre
  9825 | D:9      | Reached XP level 10. HP: 19/37 MP: 6/20
  9976 | D:9      | Found a flagged portal.
  9985 | Bailey   | Entered a bailey
 10271 | Bailey   | Noticed an orc knight
 10290 | Bailey   | Killed an orc knight
 11443 | D:9      | Killed an elephant
 11752 | D:8      | Noticed Maurice
 11756 | D:8      | Killed Maurice
 11996 | D:10     | Entered Level 10 of the Dungeon
 12065 | D:10     | Found a staircase to the Orcish Mines.
 12376 | D:10     | Noticed a two-headed ogre
 12400 | D:10     | Killed a two-headed ogre
 12421 | D:10     | Noticed Urug
 12505 | Lair:1   | Entered Level 1 of the Lair of Beasts
 12511 | Lair:1   | Reached XP level 11. HP: 16/40 MP: 10/21
 12677 | Lair:1   | Bought a manual of Fighting for 800 gold pieces
 12830 | D:2      | Bought a scroll of amnesia for 44 gold pieces
 12830 | D:2      | Bought a scroll of identify for 22 gold pieces
 12830 | D:2      | Bought a potion of invisibility for 88 gold pieces
 12830 | D:2      | Bought a scroll of teleportation for 33 gold pieces
 13186 | D:10     | Noticed Harold
 13205 | D:10     | Killed Harold
 13298 | D:10     | Killed Urug
 13494 | D:10     | Reached skill level 1 in Fighting
 13516 | D:10     | Reached skill level 10 in Earth Magic
 13849 | D:10     | Noticed a two-headed ogre
 13851 | D:10     | Noticed a two-headed ogre
 13904 | D:10     | Killed a two-headed ogre
 13905 | D:10     | Reached skill level 5 in Fighting
 13914 | D:10     | Killed a two-headed ogre
 14988 | D:11     | Noticed Erolcha
 15006 | D:11     | Reached skill level 10 in Fighting
 15162 | D:11     | Killed Erolcha
 15401 | D:11     | Noticed a boulder beetle
 15549 | D:11     | Noticed a boulder beetle
 15667 | D:11     | Noticed Fannar
 15687 | D:11     | Killed Fannar
 16190 | D:11     | Killed a boulder beetle
 16415 | D:11     | Found Odiot's Weapon Shoppe.
 16446 | D:11     | Gained mutation: Your thick and shaggy fur keeps you warm.
                  | (AC +3, rC+) [Felid growth]
 16446 | D:11     | Reached XP level 12. HP: 60/60 MP: 18/22
 16979 | D:11     | HP: 1/60 [boulder beetle (16)]
 17446 | Lair:1   | Reached skill level 5 in Unarmed Combat
 18116 | Lair:1   | Noticed a catoblepas
 18133 | Lair:1   | Killed a catoblepas
 18566 | Lair:2   | Noticed a four-headed hydra
 19202 | Lair:2   | Killed a four-headed hydra
 19749 | Lair:2   | Found a staircase to the Swamp.
 19751 | Lair:2   | Noticed a six-headed hydra
 19918 | Lair:2   | Killed a six-headed hydra
 20312 | Lair:3   | Noticed Josephine
 20326 | Lair:3   | Killed Josephine
 20327 | Lair:3   | Reached skill level 5 in Transmutations
 20388 | Lair:3   | Found a dark tunnel.
 20394 | Volcano  | Entered a volcano
 20422 | Volcano  | Reached XP level 13. HP: 66/68 MP: 17/23
 20942 | Lair:3   | Noticed Gastronok
 21539 | Lair:3   | Found a hole to the Spider Nest.
 22644 | Lair:3   | Killed Gastronok
 25891 | Lair:4   | Reached skill level 10 in Spellcasting
 25997 | Lair:4   | Found a viscous altar of Jiyva.
 25999 | Lair:4   | Found a staircase to the Slime Pits.
 26678 | Lair:5   | Entered Level 5 of the Lair of Beasts
 26860 | Lair:5   | Noticed Nessos
 27004 | Lair:5   | Identified a scroll of acquirement
 27009 | Lair:5   | Acquired the ring "Ceubruat" {rF+ rC+ Str+3 Dex+4}
 27115 | Lair:5   | Killed Nessos
 27651 | Lair:5   | Reached XP level 14. HP: 49/72 MP: 26/30
 28610 | Lair:5   | Noticed Sonja
 28613 | Lair:5   | Killed Sonja
 28672 | Lair:5   | Found a burning altar of Makhleb.
 29034 | Lair:5   | Found a gateway to Hell.
 29395 | Lair:5   | Reached skill level 10 in Conjurations
 30167 | Lair:1   | Bought a book of Power for 588 gold pieces
 30175 | Lair:1   | Learned a level 6 spell: Iron Shot
 31646 | D:12     | Succumbed to a meliai's poison
 31647 | D:12     | Reached XP level 13. HP: -4/68 MP: 21/30
 32169 | D:13     | Identified the ring "Heir" {rPois rF+ Will+ Str-3}
 32711 | D:13     | Shot with an arrow by a centaur warrior
 32712 | D:13     | Reached XP level 12. HP: -2/64 MP: 3/29
 32790 | D:13     | Killed a centaur warrior
 33069 | D:13     | Found a runed translucent door.
 33069 | D:13     | Identified the +5 trident of Hepliaklqana's Outrage {flame,
                  | rC++}
 33071 | D:13     | Noticed whiskeysaurus's ghost (journeyman DsCj)
 33314 | D:13     | Killed whiskeysaurus's ghost
 33752 | D:14     | Gained mutation: You are dopey. (Int -2) [potion of
                  | mutation]
 33752 | D:14     | Gained mutation: You do not regenerate when monsters are
                  | visible. [potion of mutation]
 33752 | D:14     | Gained mutation: You are resistant to electric shocks.
                  | (rElec) [potion of mutation]
 33752 | D:14     | Gained mutation: You are robust. (+10% HP) [potion of
                  | mutation]
 33753 | D:14     | Lost mutation: You are dopey. (Int -2) [potion of mutation]
 33753 | D:14     | Lost mutation: You are robust. (+10% HP) [potion of
                  | mutation]
 33753 | D:14     | Gained mutation: You have hidden genetic defects. [potion
                  | of mutation]
 33753 | D:14     | Gained mutation: You possess an exceptional clarity of
                  | mind. [potion of mutation]
 33754 | D:14     | Lost mutation: You have hidden genetic defects. [potion of
                  | mutation]
 33754 | D:14     | Lost mutation: You are resistant to electric shocks.
                  | (rElec) [potion of mutation]
 33754 | D:14     | Lost mutation: You possess an exceptional clarity of mind.
                  | [potion of mutation]
 33754 | D:14     | Gained mutation: You are occasionally teleported next to
                  | monsters. [potion of mutation]
 33754 | D:14     | Gained mutation: You possess an exceptional clarity of
                  | mind. [potion of mutation]
 33754 | D:14     | Gained mutation: You are strong-willed. (Will+) [potion of
                  | mutation]
 33755 | D:14     | Lost mutation: You are strong-willed. (Will+) [potion of
                  | mutation]
 33755 | D:14     | Lost mutation: You possess an exceptional clarity of mind.
                  | [potion of mutation]
 33755 | D:14     | Gained mutation: Your magical capacity is low. (-10% MP)
                  | [potion of mutation]
 33756 | D:14     | Lost mutation: You do not regenerate when monsters are
                  | visible. [potion of mutation]
 33756 | D:14     | Lost mutation: Your magical capacity is low. (-10% MP)
                  | [potion of mutation]
 33756 | D:14     | Gained mutation: Your mind is acute. (Int +4, Str/Dex -1)
                  | [potion of mutation]
 33757 | D:14     | Lost mutation: Your mind is acute. (Int +4, Str/Dex -1)
                  | [potion of mutation]
 33757 | D:14     | Lost mutation: You are occasionally teleported next to
                  | monsters. [potion of mutation]
 33757 | D:14     | Gained mutation: You do not regenerate when monsters are
                  | visible. [potion of mutation]
 33757 | D:14     | Gained mutation: You are partially covered in iridescent
                  | scales. (AC +2) [potion of mutation]
 33757 | D:14     | Lost mutation: You do not regenerate when monsters are
                  | visible. [potion of mutation]
 33757 | D:14     | Gained mutation: You have a somewhat thin skeletal
                  | structure. (Dex +2, Stealth+) [potion of mutation]
 34040 | D:14     | Noticed a centaur warrior
 34049 | D:14     | Killed a centaur warrior
 34313 | D:14     | Noticed a two-headed ogre
 34334 | D:14     | Reached skill level 10 in Transmutations
 34392 | D:14     | Noticed a two-headed ogre
 34395 | D:14     | Killed a two-headed ogre
 34396 | D:14     | Reached XP level 13. HP: 68/68 MP: 15/30
 34469 | D:14     | Found a gate to the Vaults.
 36239 | Orc:1    | Entered Level 1 of the Orcish Mines
 37105 | Orc:1    | You fall into a shaft and drop 1 floor!
 37105 | Orc:2    | Entered Level 2 of the Orcish Mines
 37114 | Orc:2    | Found a staircase to the Elven Halls.
 38205 | Orc:2    | Found Xerapp's Antique Armour Shoppe.
 38879 | Orc:2    | Found Guinyc's Assorted Antiques.
 38879 | Orc:2    | Found Ryrujeishri's Antique Weapon Emporium.
 38881 | Orc:2    | Found Napy's General Store.
 38883 | Orc:2    | Found Reuhustu's Assorted Antiques.
 38887 | Orc:2    | Bought a scroll labelled BEHESY FUTEG for 27 gold pieces
 38887 | Orc:2    | Bought 2 scrolls of identify for 108 gold pieces
 38890 | Orc:2    | Bought a scroll of identify for 32 gold pieces
 39078 | Orc:2    | Bought a scroll of identify for 64 gold pieces
 39088 | Orc:2    | Bought a scroll of summoning for 152 gold pieces
 39577 | Hell     | Entered the Vestibule of Hell
 39577 | Hell     | Noticed Geryon
 39577 | Hell     | Noticed a balrug
 39587 | Lair:5   | Mangled by a sun demon

Illustrated notes

Levels and vault maps discovered:
D:1:      spicycebolla_arrival_clurvy, layout_basic,
          shapermc_ecumenical_altar_hornbeckon
D:2:      layout_basic, serial_shops, nicolae_shop_hallway_stairs,
          nicolae_shop_hallway_plus
D:3:      layout_basic, grunt_temple_overflow_octagram
D:4:      layout_basic, serial_shops, nicolae_shop_bloodbath_and_beyond,
          bh_walls_and_bars
D:5:      layout_basic, mainiacjoe_overflow_concentric_impassable,
          solitary_fountain, st_stairs_4
D:6:      layout_loops_ring, mainiacjoe_overflow_24_doors,
          minmay_temple_entry_arrows, gup_sewer_entry_glass,
          nicolae_shop_firing_range, uniq_eustachio
D:7:      layout_rooms
D:8:      layout_loops_ring, minmay_misc_feat_secret_circle, hex_tiny,
          nicolae_lava_and_water, serial_bayou_pond_b, uniq_maurice
D:9:      layout_basic, lemuel_tele_altar, david_lair_generic, enter_bailey_8
D:10:     minmay_razor_zed, layout_gridville, david_orc_3, uniq_harold,
          uniq_urug
D:11:     layout_cave_pods, serial_shops, kennysheep_mini_moat, uniq_fannar,
          uniq_erolcha
D:12:     layout_roguey, serial_curves, eino_curves_01, eino_curves_04
D:13:     layout_loops_ring, ebering_ghost_funeral_grove
D:14:     layout_small_grid, david_vaults_1, dreamdust_princess_corridor,
          kennysheep_generic_room_2
Lair:1:   layout_cave_shapes, minivault_24, st_stairs_7, grunt_megastairs_5
Lair:2:   layout_roguey, palyth_hydra_swamp_entry, lemuel_fruit_tree
Lair:3:   layout_gridlike, spider_nest_entry_rubble, enter_volcano_1,
          serial_bayou_shore_a, uniq_josephine, uniq_gastronok
Lair:4:   layout_roguey, nicolae_slime_entry_field_trip
Lair:5:   evil_forest, layout_regular_city, serial_bayou_shore_b, uniq_nessos,
          uniq_sonja
Orc:1:    layout_caves
Orc:2:    st_orc_rangers, layout_caves, serial_shops, shop,
          statue_in_the_mist_lemuel
Hell

Skill      XL: |  1  2  3  4  5  6  7  8  9 10 11 12 13 14 |
---------------+-------------------------------------------+-----
Earth Magic    | 3 4 5 8 10 | 10.0
Spellcasting   | 3 4 5 6 11 12 | 12.0
Dodging        | 11 12 14 | 14.8
Conjurations   | 4 8 9 10 | 10.3
Fighting       | 11 14 | 14.4
Unarmed Combat | 3 7 |  7.0
Transmutations | 10 8 7 | 10.1
Stealth        | |  2.6

Action                   |  1- 3 |  4- 6 |  7- 9 | 10-12 | 13-15 || total
-------------------------+-------+-------+-------+-------+-------++-------
Melee: Unarmed           |     4 |     1 |     3 |    40 |   113 ||   161
       Bite              |       |       |     1 |     5 |    27 ||    33
       Punch             |       |       |       |     3 |     5 ||     8
 Cast: Sandblast         |    52 |   114 |   240 |   291 |   322 ||  1019
       Stone Arrow       |       |       |    40 |   231 |   387 ||   658
       Petrify           |       |       |       |    28 |    30 ||    58
Invok: Call Merchant     |       |       |       |     1 |     3 ||     4
Evoke: Wand              |       |       |       |     2 |       ||     2
  Use: Scroll            |       |       |    11 |     4 |    12 ||    27
       Potion            |       |       |       |    14 |     9 ||    23
 Stab: Sleeping          |       |     1 |       |       |       ||     1
       Petrified         |       |       |       |    17 |    25 ||    42
       Invisible         |       |       |       |     2 |       ||     2
       Distracted        |       |       |       |     1 |       ||     1
       Petrifying        |       |       |       |       |     1 ||     1
Armor: Skin              |     1 |     4 |     9 |    20 |    20 ||    54
Dodge: Dodged            |    25 |    53 |   202 |   381 |   697 ||  1358

Table legend: (Time is in decaauts)
 A = Elapsed time spent in this place.
 B = Non-inter-level travel time spent in this place.
 C = Inter-level travel time spent in this place.
 D = Time resting spent in this place.
 E = Time spent auto-exploring this place.
 F = Levels seen in this place.
 G = Mean time per level.
                   A        B        C        D        E       F      G
               +--------+--------+--------+--------+--------+-----+--------+
         Total |  36006 |  31616 |   4390 |   5298 |  19281 |  25 | 1440.2 |
       Dungeon |  22101 |  18554 |   3547 |   3316 |  11203 |  14 | 1578.6 |
          Lair |   9629 |   9004 |    625 |   1571 |   5481 |   5 | 1925.8 |
  Orcish Mines |   2734 |   2517 |    217 |    404 |   1593 |   2 | 1367.0 |
          Hell |      2 |      2 |      0 |      0 |      0 |   1 |    2.0 |
         Sewer |    717 |    717 |      0 |      0 |    535 |   1 |  717.0 |
        Bailey |    582 |    582 |      0 |      0 |    467 |   1 |  582.0 |
       Volcano |    238 |    238 |      0 |      6 |      0 |   1 |  238.0 |
               +--------+--------+--------+--------+--------+-----+--------+

Top non-repeatable levels by time:
  Lair:5: 3231 daAuts
     D:9: 2912 daAuts
    D:10: 2785 daAuts
    D:11: 2171 daAuts
    D:14: 2125 daAuts
  Lair:2: 2081 daAuts
    D:12: 1992 daAuts
     D:8: 1935 daAuts
  Lair:3: 1863 daAuts
   Orc:2: 1826 daAuts
    D:13: 1457 daAuts
  Lair:1: 1337 daAuts
     D:6: 1155 daAuts
     D:2: 1130 daAuts
  Lair:4: 1115 daAuts
